 Dungeon Crawl Stone Soup version 0.17.0-28-g6e173f8 (webtiles) character file.

74 septik the Magician (level 4, 0/24 HPs)
             Began as a Deep Elf Fire Elementalist on Nov 22, 2015.
             Succumbed to a kobold's poison
             ... on level 3 of the Dungeon.
             The game lasted 00:02:35 (2034 turns).

septik the Magician (Deep Elf Fire Elementalist)    Turns: 2034, Time: 00:02:35

Health: 0/24       AC:  2    Str:  5    XL:     4   Next: 10%
Magic:  0/12       EV: 13    Int: 21    God:
Gold:   90         SH:  0    Dex: 15    Spells: 1 memorised, 10 levels left

rFire  . . .     SeeInvis .     g - +0 short sword
rCold  . . .     Clarity  .     a - +0 robe
rNeg   . . .     SustAt   .     (no shield)
rPois  .         Gourm    .     (no helmet)
rElec  .         Spirit   .     (no cloak)
rCorr  .         Warding  .     (no gloves)
rMut   .         Stasis   .     (no boots)
MR     .....                    (no amulet)
Stlth  ++........               (no ring)
                                (no ring)

@: lethally poisoned (0 -> -18), very slightly contaminated, not resistant to
hostile enchantments, unstealthy
A: no striking features
a: no special abilities


You were on level 3 of the Dungeon.
You were not hungry.

You visited 1 branch of the dungeon, and saw 3 of its levels.

You collected 90 gold pieces.

Inventory:

Hand Weapons
 g - a +0 short sword (weapon)
Missiles
 k - 84 stones (quivered)
Armour
 a - a +0 robe (worn)
Scrolls
 e - 7 scrolls of identify {unknown}
 j - a scroll of enchant weapon {unknown}
 m - 2 scrolls of amnesia {unknown}
 o - 2 scrolls of teleportation {unknown}
 s - a scroll of enchant armour {unknown}
Potions
 d - 2 potions of magic {unknown}
 i - a potion of haste {unknown}
 l - 3 potions of heal wounds {unknown}
 n - 2 potions of might {unknown}
 p - a potion of agility {unknown}
 q - 2 potions of curing {unknown}
 t - a potion of brilliance {unknown}
Books
 b - a book of Flames

   Spells                             Type                      Level
   a - Flame Tongue                   Conjuration/Fire             1
   b - Throw Flame                    Conjuration/Fire             2
   c - Conjure Flame                  Conjuration/Fire             3
   d - Inner Flame                    Hexes/Fire                   3
   e - Sticky Flame                   Conjuration/Fire             4
   f - Fireball                       Conjuration/Fire             5
Comestibles
 c - 3 bread rations
 f - 4 meat rations
 h - 5 fruits


   Skills:
 - Level 2.4 Dodging
 - Level 2.4 Stealth
 + Level 4.4 Spellcasting
 + Level 2.6 Conjurations
 + Level 4.0 Fire Magic


You had 10 spell levels left.
You knew the following spells:

 Your Spells              Type           Power        Failure   Level  Hunger
a - Flame Tongue          Conj/Fire      ###..        3%          1    None


Dungeon Overview and Level Annotations

Branches:
Dungeon (3/15)

Altars:


Message History

You feel sick.
The kobold shoots a poisoned needle.
The poisoned needle barely misses you.
* * * LOW HITPOINT WARNING * * *
You feel sick.
The kobold shoots a poisoned needle.
The poisoned needle hits you!
You are more poisoned.
The adder bites you.
* * * LOW HITPOINT WARNING * * *
You see here a poisoned needle.
Casting: Flame Tongue
Confirm with . or Enter, or press ? or * to list all spells.
Aiming: Flame Tongue
Press: ? - help, Shift-Dir - straight line, f/p - adder
Aim: an adder (severely wounded)
The flame tongue hits the adder.
You kill the adder!
Your Fire Magic skill increases to level 4!
You have reached level 4!
You feel clever.
You die...

# ########### # #..........
...... # ##..####### ...... #
##.## ...>.. # #..# ...... # ##.#
###..... # #.#######.(..# ### #
#)......).(#### #.) #
##(.).@†.o(....######(#
###########..#).......##.(..##..#
.##.........####..#########....##
.##.#########..K...# ###### ....#
..####.# ##### .. .# # .# .#


You could see an orc and a kobold.

Vanquished Creatures
  3 adders
  2 worms (D:2)
  A giant gecko (D:2)
  4 orcs (D:3)
  A ball python (D:2)
  8 bats
  7 goblins
  2 hobgoblins
  A giant cockroach (D:2)
  A giant newt (D:1)
  4 jackals (D:2)
  2 kobolds (D:2)
  3 rats
39 creatures vanquished.

Notes
Turn   | Place    | Note
--------------------------------------------------------------
     0 | D:1      | septik the Deep Elf Fire Elementalist began the quest for the Orb.
     0 | D:1      | Reached XP level 1. HP: 10/10 MP: 6/6
   641 | D:2      | Reached XP level 2. HP: 15/15 MP: 4/8
  1028 | D:2      | Reached XP level 3. HP: 15/19 MP: 8/10
  1735 | D:3      | Reached skill level 4 in Spellcasting
  2034 | D:3      | Reached XP level 4. HP: 1/24 MP: 0/12
  2034 | D:3      | Succumbed to a kobold's poison

Action                   |  1- 3 |  4- 6 || total
-------------------------+-------+-------++-------
 Cast: Flame Tongue      |    71 |     1 ||    72
  Eat: Chunk             |     3 |       ||     3
